Map: Sludge City

Players

IIIIIIIIIIII

  • Race: Protoss Protoss
  • League: Diamond
  • Spawn Location: 11:00

Perlman

  • Race: Zerg Zerg
  • Spawn Location: 9:00

Tenonee - Winner!

  • Race: Zerg Zerg
  • League: Diamond
  • Spawn Location: 5:00

strumsavasto - Winner!

  • Race: Terran Terran
  • Spawn Location: 5:00

VOD

Have the link to the VOD?

Description

Time

  • Played on: July 29, 2016, 9:24 a.m.
  • Length: 10:21
Show
View Real Time Build Order
Export as new Build Order

IIIIIIIIIIII Protoss 

Build Orders: 1 Gate Expand 

Get SALT Encoding   

  12  0:02  Probe (Chrono Boost)  
  13  0:12  Probe (Chrono Boost)  
  14  0:21  Pylon  
  14  0:24  Probe (Chrono Boost)  
  15  0:39  Probe (Chrono Boost)  
  16  0:50  Probe (Chrono Boost), Gateway  
  17  1:01  Probe (Chrono Boost)  
  18  1:11  Assimilator  
  18  1:17  Probe (Chrono Boost)  
  19  1:27  Nexus  
  19  1:32  Probe (Chrono Boost)  
  20  1:41  Cybernetics Core  
  20  1:43  Probe (Chrono Boost)  
  20  1:46  Assimilator  
  21  1:56  Probe (Chrono Boost)  
  21  2:04  Warp Gate  
  21  2:07  Probe (Chrono Boost)  
  22  2:14  Pylon  
  22  2:27  Probe (Chrono Boost)  
  23  2:34  Stalker  
  25  2:41  Probe (Chrono Boost), Mothership Core (Chrono Boost)  
  28  2:51  Probe (Chrono Boost)  
  28  3:01  Probe (Chrono Boost)  
  28  3:02  Probe (Chrono Boost)  
  28  3:05  Stalker  
  33  3:13  Probe x2 (Chrono Boost), Pylon  
  33  3:25  Probe (Chrono Boost)  
  34  3:31  Probe (Chrono Boost)  
  35  3:37  Probe (Chrono Boost)  
  36  3:41  Probe (Chrono Boost)  
  37  3:49  Probe (Chrono Boost)  
  37  3:52  Probe (Chrono Boost)  
  38  4:01  Probe (Chrono Boost)  
  39  4:09  Stargate  
  39  4:11  Probe (Chrono Boost)  
  39  4:13  Probe (Chrono Boost)  
  39  4:22  Probe (Chrono Boost)  
  41  4:25  Probe (Chrono Boost)  
  41  4:26  Gateway  
  41  4:28  Gateway  
  41  4:31  Gateway  
  41  4:32  Probe (Chrono Boost), Assimilator, Gateway  
  41  4:35  Assimilator  
  43  4:39  Probe (Chrono Boost)  
  43  4:41  Pylon  
  43  4:43  Probe (Chrono Boost)  
  42  4:46  Pylon  
  42  4:49  Oracle  
  42  4:53  Probe (Chrono Boost)  
  46  5:04  Probe (Chrono Boost)  
  47  5:16  Probe (Chrono Boost)  
  48  5:24  Stalker  
  48  5:25  Stalker x2  
  54  5:32  Probe (Chrono Boost)  
  54  5:33  Probe (Chrono Boost)  
  56  5:40  Twilight Council  
  56  5:45  Pylon  
  42  6:05  Probe (Chrono Boost)  
  43  6:12  Probe (Chrono Boost)  
  43  6:18  Blink  
  42  6:28  Forge  
  42  6:32  Probe (Chrono Boost)  
  44  6:33  Probe (Chrono Boost)  
  44  6:35  Pylon  
  44  6:40  Stalker x3  
  44  6:41  Stalker x2  
  44  6:45  Probe (Chrono Boost)  
  44  6:47  Probe (Chrono Boost)  
  52  6:55  Probe (Chrono Boost)  
  52  6:59  Probe (Chrono Boost)  
  49  7:08  Protoss Ground Weapons Level 1  
  40  7:18  Probe (Chrono Boost)  
  40  7:19  Probe (Chrono Boost)  
  40  7:21  Stalker x5  
  42  7:31  Probe (Chrono Boost)  
  42  7:35  Probe (Chrono Boost)  
  43  7:42  Probe (Chrono Boost)  
  43  7:44  Photon Cannon  
  44  7:48  Probe (Chrono Boost)  
  45  7:57  Probe (Chrono Boost)  
  46  8:00  Probe (Chrono Boost)  
  46  8:04  Photon Cannon  
  43  8:07  Probe (Chrono Boost)  
  45  8:12  Probe (Chrono Boost)  
  45  8:14  Stalker x3  
  45  8:15  Stalker x2  
  55  8:23  Probe (Chrono Boost)  
  55  8:26  Mothership Core (Chrono Boost)  
  58  8:28  Nexus  
  58  8:29  Pylon  
  58  8:30  Pylon  
  58  8:32  Gateway  
  58  8:33  Gateway  
  58  8:35  Probe (Chrono Boost)  
  59  8:46  Probe x2 (Chrono Boost)  
  61  8:59  Probe (Chrono Boost)  
  62  9:02  Pylon  
  62  9:12  Dark Shrine  
  49  9:30  Stalker x4  
  49  9:31  Stalker  
  57  9:43  Stalker  
  59  9:55  Stalker  
  59  9:56  Stalker x2  
  59  9:57  Stalker  
  59  9:58  Stalker  
Show
View Real Time Build Order
Export as new Build Order

Perlman Zerg 

Build Orders: Hatch First 

Get SALT Encoding   

  12  0:01  Drone  
  13  0:09  Drone  
  14  0:17  Overlord  
  14  0:23  Extractor  
  14  0:24  Drone  
  15  0:35  Drone x2  
  17  0:46  Drone  
  18  0:57  Hatchery  
  17  1:04  Drone  
  17  1:08  Extractor  
  17  1:14  Drone  
  18  1:23  Spawning Pool, Drone  
  18  1:28  Drone  
  19  1:39  Drone  
  20  1:52  Hatchery  
  19  2:10  Queen  
  19  2:12  Metabolic Boost, Zergling x2  
  22  2:15  Zergling x2  
  24  2:22  Zergling x2  
  24  2:27  Drone  
  25  2:35  Zergling x4  
  27  2:38  Drone  
  27  2:41  Overlord  
  28  2:59  Queen  
  28  3:04  Drone  
  28  3:05  Drone  
  32  3:06  Queen  
  32  3:11  Queen  
  36  3:18  Baneling Nest, Drone  
  36  3:33  Drone x3  
  36  3:34  Drone x3  
  42  3:44  Lair  
  42  3:51  Queen  
  42  4:08  Queen  
  39  4:23  Drone x3  
  42  4:24  Overlord  
  42  4:25  Overlord x2  
  42  4:40  Queen  
  42  4:44  Queen, Zergling x6  
  42  4:45  Queen, Zergling x4  
  49  4:50  Zergling x14  
  43  5:14  Centrifical Hooks  
  43  5:16  Queen  
  43  5:17  Baneling x6  
  43  5:20  Drone x5  
  48  5:24  Overseer  
  43  5:35  Queen  
  45  5:36  Drone x2  
  45  5:40  Drone  
  45  5:41  Drone x2  
  50  5:47  Queen  
  47  6:00  Queen  
  49  6:15  Baneling x3  
  49  6:16  Baneling  
  49  6:17  Zergling x18  
  58  6:20  Extractor  
  57  6:28  Drone x6  
  57  6:29  Drone  
  64  6:33  Overseer  
  64  6:39  Baneling x2  
  64  6:40  Baneling  
  64  6:42  Extractor  
  64  6:43  Extractor  
  64  6:44  Drone  
  64  6:45  Drone x2  
  65  6:57  Baneling x2  
  65  7:00  Evolution Chamber  
  64  7:02  Evolution Chamber  
  64  7:03  Evolution Chamber  
  64  7:07  Drone x3  
  65  7:09  Overlord x3  
  65  7:23  Extractor  
  65  7:24  Extractor  
  65  7:25  Zergling x6  
  65  7:26  Zergling x2  
  63  7:30  Drone  
  63  7:31  Drone x2  
  62  7:38  Hatchery  
  62  7:39  Zergling x2  
  62  7:40  Zergling x6  
  63  7:47  Drone x2  
  65  7:52  Drone x4  
  65  7:53  Drone  
  65  7:56  Baneling x3  
  70  8:05  Zerg Melee Weapons Level 1  
  70  8:06  Zerg Ground Armor Level 1  
  70  8:16  Zergling x4  
  72  8:21  Drone x3, Infestation Pit  
  74  8:27  Zergling x6  
  74  8:29  Baneling x4  
  77  8:47  Drone  
  77  8:48  Drone x9  
  87  9:01  Baneling x2  
  87  9:02  Overlord x3  
  87  9:13  Zergling x6  
  87  9:14  Zergling x2  
  87  9:15  Baneling  
  90  9:27  Zergling x2  
  90  9:28  Zergling x20  
  90  9:34  Zergling x2  
  90  9:35  Zergling x8  
  90  9:38  Baneling x5  
  92  9:42  Baneling  
  79  9:53  Baneling x5  
  79  9:54  Baneling  
Show
View Real Time Build Order
Export as new Build Order

Tenonee Zerg - Winner!

Build Orders: Hatch First 

Get SALT Encoding   

  12  0:01  Drone  
  13  0:09  Drone  
  14  0:18  Overlord  
  14  0:27  Extractor  
  13  0:29  Extractor  
  13  0:30  Drone x2  
  16  0:38  Drone  
  17  0:53  Drone  
  18  0:59  Hatchery  
  17  1:06  Drone  
  17  1:07  Drone  
  17  1:10  Extractor  
  18  1:22  Spawning Pool  
  17  1:35  Drone x2  
  17  1:39  Overlord  
  19  1:50  Drone  
  20  2:07  Drone  
  21  2:10  Metabolic Boost  
  21  2:11  Queen  
  23  2:18  Queen  
  25  2:29  Drone x3  
  28  2:47  Queen  
  30  2:54  Queen  
  32  2:58  Overlord  
  32  3:07  Zergling x8  
  36  3:18  Overlord  
  36  3:28  Zergling x6  
  36  3:29  Zergling x10  
  44  3:43  Overlord x2  
  44  3:46  Roach Warren  
  43  3:53  Zergling x2  
  43  3:54  Zergling x8  
  46  4:07  Extractor  
  46  4:09  Extractor x2  
  40  4:12  Zergling x12  
  41  4:22  Lair  
  41  4:25  Zergling x4  
  43  4:35  Drone x3  
  43  4:36  Drone x3  
  45  4:57  Zergling x10  
  45  5:07  Drone  
  41  5:21  Drone x3  
  44  5:22  Drone x3  
  44  5:23  Glial Reconstitution  
  47  5:30  Evolution Chamber  
  46  5:47  Drone x3  
  46  5:48  Drone x5  
  49  5:53  Roach x2  
  53  6:08  Zerg Ground Armor Level 1  
  53  6:15  Overlord  
  53  6:18  Roach x4  
  59  6:19  Roach x3  
  59  6:21  Spore Crawler  
  59  6:22  Hatchery, Spore Crawler  
  64  6:26  Roach  
  66  6:38  Ravager x3  
  66  6:39  Ravager x2  
  71  6:46  Spire, Roach x3  
  76  6:48  Overlord x3  
  73  7:16  Roach x10  
  89  7:22  Queen  
  70  7:41  Roach  
  70  7:42  Roach x5  
  78  7:52  Roach  
  78  7:53  Roach x4  
  90  8:05  Zerg Flyer Weapons Level 1  
  88  8:17  Extractor  
  88  8:18  Extractor  
  86  8:29  Roach x3  
  86  8:30  Roach x3  
  98  8:36  Roach x2  
  102  8:51  Drone  
  102  8:52  Drone x2  
  105  9:04  Overlord x3  
  69  9:50  Mutalisk x8  
  69  9:51  Mutalisk x3  
  69  9:52  Mutalisk  
  91  9:57  Zergling x2  
  91  9:59  Zergling x2  
Show
View Real Time Build Order
Export as new Build Order

strumsavasto Terran - Winner!

Build Orders: MMM Bio 

Get SALT Encoding   

  12  0:00  SCV  
  13  0:13  SCV  
  14  0:18  Supply Depot  
  14  0:25  SCV  
  15  0:40  SCV  
  15  0:42  Barracks  
  16  0:48  Refinery  
  16  0:52  SCV  
  17  1:04  SCV  
  18  1:16  SCV  
  19  1:28  SCV  
  20  1:43  Orbital Command  
  20  1:46  Reaper  
  21  1:56  Command Center  
  21  2:03  Supply Depot  
  21  2:13  SCV  
  22  2:22  Factory  
  22  2:27  SCV  
  23  2:31  Barracks  
  23  2:33  Marine  
  24  2:39  SCV  
  25  2:47  Engineering Bay  
  25  2:51  SCV  
  26  3:04  SCV  
  27  3:10  Starport  
  27  3:14  Widow Mine, Marine  
  27  3:17  Missile Turret  
  30  3:22  SCV  
  30  3:23  Orbital Command  
  31  3:40  SCV  
  31  3:51  Refinery  
  31  3:55  SCV  
  31  3:58  SCV  
  33  4:07  Barracks Tech Lab, Barracks  
  33  4:10  Widow Mine, Medivac  
  33  4:12  Marine  
  38  4:17  SCV  
  38  4:18  SCV  
  40  4:24  Missile Turret  
  40  4:29  SCV  
  40  4:30  Supply Depot, SCV  
  42  4:31  Marine  
  42  4:32  Marine  
  44  4:48  Factory Tech Lab, Starport Reactor  
  44  4:52  Marine x2  
  46  4:54  Command Center, Stimpack  
  46  4:55  Barracks Reactor  
  46  4:56  Barracks  
  46  4:59  SCV x2  
  48  5:02  Refinery  
  48  5:04  Refinery  
  48  5:08  Supply Depot  
  48  5:11  SCV x2  
  49  5:32  Marine x2  
  51  5:36  Marine  
  51  5:38  Medivac  
  51  5:40  Barracks Reactor  
  52  5:49  Marine  
  52  5:52  Marine x2  
  52  5:54  Marine  
  56  6:02  Siege Tank  
  56  6:03  SCV x2  
  61  6:07  Marine  
  61  6:10  Marine x2  
  64  6:16  Barracks  
  64  6:17  Missile Turret  
  64  6:19  Marine x3, Barracks  
  64  6:22  Medivac x2  
  64  6:24  SCV  
  64  6:25  Marine  
  73  6:28  Supply Depot, Marine x2  
  73  6:29  SCV  
  73  6:30  Supply Depot  
  76  6:35  Supply Depot  
  76  6:36  SCV  
  77  6:40  Barracks  
  77  6:43  Supply Depot  
  77  6:49  Marine, SCV x2  
  80  6:56  Combat Shields  
  80  7:03  Marine x4  
  80  7:04  Barracks Tech Lab  
  80  7:05  Barracks Tech Lab, Medivac  
  80  7:07  Barracks Reactor, Marine  
  87  7:20  Marine  
  88  7:24  SCV x2  
  88  7:26  Terran Infantry Weapons Level 1, Marine x2  
  92  7:35  Marine x2  
  91  7:40  SCV x2  
  92  7:49  Engineering Bay  
  92  7:51  Armory  
  92  7:53  Planetary Fortress  
  92  7:55  SCV x2  
  94  8:03  Supply Depot, Barracks Reactor  
  94  8:05  Supply Depot  
  94  8:06  Supply Depot, Marine x3  
  94  8:07  Marauder, Marine x3, SCV  
  94  8:08  Marauder x2  
  107  8:14  Supply Depot, Siege Tank  
  107  8:16  Supply Depot  
  108  8:21  Supply Depot  
  108  8:22  Missile Turret  
  108  8:24  Marine x3  
  111  8:29  Medivac x2, Marauder  
  111  8:31  Command Center  
  111  8:33  SCV  
  111  8:34  SCV x2  
  120  8:43  Supply Depot  
  120  8:44  Supply Depot  
  120  8:52  Supply Depot  
  120  8:53  SCV, Refinery  
  120  8:54  Refinery  
  121  8:57  Missile Turret  
  121  9:00  Supply Depot  
  121  9:02  Supply Depot  
  121  9:07  Medivac x2  
  121  9:08  Marine x2  
  121  9:09  Marauder x2  
  131  9:33  Missile Turret  
  131  9:47  Missile Turret  
Tags
 
Add a new tag
Caveats
  • Supply blocks, unpowered buildings, or Contaminate may cause inaccurate times.
  • Supply counts are checked every 10 seconds.